 Dungeon Crawl Stone Soup version 0.31.0-9-g3a7656b989 (webtiles) character file.

Game seed: 14149431707043675920

42 qw the Shooter (level 3, -3/20 HPs)
             Began as a Deep Elf Hunter on Feb 2, 2024.
             Slain by a goblin
             ... wielding a +1 dagger of protection
             ... led by Robin
              (4 damage)
             ... on level 2 of the Dungeon.
             The game lasted 00:00:02 (755 turns).

qw the Shooter (Deep Elf Hunter)                     Turns: 755, Time: 00:00:03

Health: -3/20      AC:  4    Str: 10    XL:     3   Next: 33%
Magic:  5/5        EV: 12    Int: 13    God:
Gold:   54         SH:  0    Dex: 18    Spells: 2/2 levels left

rFire   . . .        a - +0 shortbow
rCold   . . .        (shield currently unavailable)
rNeg    . . .        c - +0 leather armour
rPois   .            (no helmet)
rElec   .            (no cloak)
rCorr   .            (no gloves)
SInv    .            d - +0 pair of boots
Will    .....        (no amulet)
Stlth   ++           (no ring)
HPRegen 0.23/turn    (no ring)
MPRegen 0.09/turn

%: no passive effects
@: no status effects
A: no striking features
a: no special abilities


You were on level 2 of the Dungeon.
You visited 1 branch of the dungeon, and saw 2 of its levels.

You collected 54 gold pieces.


   Skills:
 - Level 1.5 Fighting
 + Level 6.9 Ranged Weapons
 - Level 2.4 Dodging
 - Level 1.2 Stealth


You had 2 spell levels left.
You didn't know any spells.
Your spell library was empty.

Inventory:

Hand Weapons
 a - a +0 shortbow (weapon)
Armour
 c - a +0 leather armour (worn)
 d - a +0 pair of boots (worn)
Potions
 b - a potion of curing {unknown}
 e - a potion of mutation {unknown}
 f - a potion of degeneration {unknown}

Dungeon Overview and Level Annotations

Branches:
Dungeon (2/15)

Altars:

Annotations:
D:2 Robin


Message History

Robin throws the goblin at you! The goblin hits you but does no damage.
The goblin barely misses you.
You shoot an arrow. The arrow hits the hobgoblin.
The hobgoblin is lightly wounded.
Robin says, "Bow before me, strongest of all the hobgoblins!"
The hobgoblin closely misses you. The goblin completely misses you.
The goblin barely misses you.
You shoot an arrow. The arrow hits the hobgoblin!
You kill the hobgoblin!
Robin throws the goblin at you! The goblin hits you with a +0 dagger.
The goblin barely misses you. The goblin hits you but does no damage.
You shoot an arrow. The arrow hits the goblin.
You kill the goblin!
The goblin barely misses you. The goblin closely misses you.
The goblin barely misses you.
You shoot an arrow. The arrow barely misses the goblin.
The goblin hits you with a +0 club. The goblin misses you. x2
You shoot an arrow. The arrow hits the goblin.
The goblin is moderately wounded.
The goblin hits you but does no damage. The goblin barely misses you. x2
The goblin hits you with a +1 dagger of protection.
You shoot an arrow. The arrow hits the goblin!
You kill the goblin!
The goblin hits you but does no damage. The goblin hits you with a +0 dagger.
The goblin hits you with a +1 dagger of protection.
You shoot an arrow.
The arrow hits the goblin but does no damage.
The goblin barely misses you. x2; The goblin hits you but does no damage.
You shoot an arrow. The arrow hits the goblin.
The goblin is heavily wounded.
The goblin no longer looks unusually strong.
Robin roars a battlecry!
The goblin goes into a battle-frenzy!
The goblin hits you with a +0 club. The goblin completely misses you.
The goblin barely misses you.
You shoot an arrow. The arrow misses the goblin.
The arrow completely misses Robin.
Robin throws the goblin at you!
The goblin hits you but does no damage. x2
The goblin hits you with a +1 dagger of protection.
You die...

..#.#
#.......#.##.##.#####.#
....# #.......#.##.##.#
#.# #####
#.......#.##.##.# #.# #
#............##.# #.# #
#.........#####.# #.# #
#..........# #.. ..# #
####..........# ### ###
# #..........ggg#
#.........##@##
#.........##)#
############g# #)# #.#
.). ... ...


You could see Robin and 3 goblins.

Vanquished Creatures
  An adder (D:2)
  4 bats
  4 endoplasms
  9 goblins (D:2)
  2 hobgoblins (D:2)
  A kobold (D:1)
  A quokka (D:2)
  A ball python (D:2)
  A frilled lizard (D:2)
  5 rats (D:1)
29 creatures vanquished.

Notes
Turn   | Place    | Note
-------+----------+-------------------------------------------
     0 | D:1      | qw the Deep Elf Hunter began the quest for the Orb.
     0 | D:1      | Reached XP level 1. HP: 12/12 MP: 3/3
     0 | D:1      | 0 ||| qw: Version: 0.3-a-155-g5e7d8dd
     0 | D:1      | 0 ||| qw: Game counter: 1695
     0 | D:1      | 0 ||| qw: Melee chars always use a shield: true
     0 | D:1      | 0 ||| qw: God list: Okawaru
     0 | D:1      | 0 ||| qw: Allow faded altars: false
     0 | D:1      | 0 ||| qw: Do Orc after clearing Dungeon:15 true
     0 | D:1      | 0 ||| qw: Do second Lair branch before Depths: true
     0 | D:1      | 0 ||| qw: Lair rune preference: random
     0 | D:1      | 0 ||| qw: Goals: Normal
     0 | D:1      | 0 ||| PLANNING D:1-11
   364 | D:1      | Reached skill level 6 in Ranged Weapons
   364 | D:1      | Reached XP level 2. HP: 16/16 MP: 4/4
   529 | D:1      | 529 ||| UPGRADING to +0 pair of boots.
   534 | D:1      | 534 ||| READING scroll labelled HUCIUB ZEET.
   535 | D:1      | 535 ||| DROPPING scroll of butterflies.
   695 | D:2      | Reached XP level 3. HP: 20/20 MP: 5/5
   738 | D:2      | Noticed Robin
   752 | D:2      | HP: 4/20 [goblin/+1 dagger of protection[Robin] (4)]
   754 | D:2      | HP: 1/20 [goblin/+0 club[Robin] (3)]
   755 | D:2      | Slain by a goblin

Levels and vault maps discovered:
D:1:      dpeg_arrival_shrine, layout_loops_ring, solitary_fountain,
          hangedman_decor_lopped
D:2:      layout_basic, grunt_decor_junction, minmay_randomly_rotated_circles,
          uniq_robin, uniq_terence

Skill      XL: |  1 |
---------------+----+-----
Ranged Weapons | 6 |  6.9
Fighting       | |  1.5
Dodging        | |  2.4
Stealth        | |  1.2

Action                     || total
---------------------------++-------
   Fire: Shortbow          ||    73
    Use: Scroll            ||     1
 Armour: Leather armour    ||    25
  Dodge: Dodged            ||    23

Table legend:
 A = Non-vault XP
 B = Vault XP
 C = Vault XP percentage of total XP
 D = Non-vault monster count
 E = Vault monster count
 F = Vault count percentage of total count
                 A         B        C        D         E       F
            +---------+---------+-------+---------+---------+-------
      Total |      43 |      17 |  28.3 |      20 |       9 |  31.0
            +---------+---------+-------+---------+---------+-------
        D:1 |      14 |       0 |   0.0 |      10 |       0 |   0.0
        D:2 |      29 |      17 |  37.0 |      10 |       9 |  47.4
            +---------+---------+-------+---------+---------+-------
